 Dungeon Sprint DCSS version 0.22.1-1-ga44c0e56f4 (webtiles) character file.

1137 MuseOD the Impaler (level 8, -3/76 HPs)
             Began as a Merfolk Berserker on Oct 7, 2018.
             Was a Priest of Trog.
             Slain by a polar bear (11 damage)
             ... in the Dungeon (Sprint II: "The Violet Keep of Menkaure").
             The game lasted 00:02:12 (421 turns).

MuseOD the Impaler (Merfolk Berserker)               Turns: 421, Time: 00:02:13

Health: -3/76      AC: 14    Str: 19    XL:     8   Next: 36%
Magic:  8/8        EV: 15    Int: 10    God:    Trog [***...]
Gold:   74         SH:  0    Dex: 14    Spells: 7/7 levels left

rFire    . . .     SeeInvis .   a - +0 spear
rCold    . . .     Gourm    .   (no shield)
rNeg     . . .     Faith    .   j - +5 scale mail "Jaodoyth" {Int+4}
rPois    .         Spirit   .   k - +1 helmet
rElec    .         Reflect  .   (no cloak)
rCorr    .         Harm     .   (no gloves)
MR       ++...     NoTele   +   (no boots)
Stlth    ..........             (no amulet)
HPRegen  1.22/turn              (no ring)
MPRegen  0.11/turn              (no ring)

@: berserk cooldown, very slightly contaminated, regenerating
A: change form in water, swift swim, stealthy swim
a: Berserk, Trog's Hand, Renounce Religion


You were in the Dungeon.
You worshipped Trog.
Trog was most pleased with you.
You were near starving.

You visited 1 branch You collected 486 gold pieces.
You spent 412 gold pieces at shops.

Inventory:

Hand Weapons
 a - a +0 spear (weapon)
Armour
 b - a +0 animal skin
 j - the +5 scale mail "Jaodoyth" (worn) {Int+4}
   (You bought it in a shop in the Dungeon)

   It affects your intelligence (+4).
 k - a +1 helmet (worn)
Potions
 f - a potion of haste
 g - 2 potions of magic
 h - a potion of berserk rage
Comestibles
 c - a ration


   Skills:
 + Level 12.0 Fighting
 + Level 15.7 Polearms
 + Level 4.6 Armour
 + Level 8.9 Dodging


You had 7 spell levels left.
You didn't know any spells.
Your spell library was empty.

Dungeon Overview and Level Annotations

Branches:
Dungeon (1/1)

Altars:
Cheibriados
Dithmenos
Elyvilon
Fedhas
Gozag
Hepliaklqana
Kikubaaqudgha
Makhleb
Nemelex Xobeh
Okawaru
Qazlal
Ru
Sif Muna
Trog
Uskayaw
Vehumet
Wu Jian
Xom
Yredelemnul
Zin
The Shining One
Beogh
Jiyva
Lugonu

Shops:
D :*[%(}:?=![=!(*[

Annotations:
D exclusion: oklob plant


Message History

You hit the polar bear.
The polar bear is moderately wounded.
The polar bear barely misses you.
The polar bear claws you but does no damage.
The polar bear claws you.
* * * LOW HITPOINT WARNING * * *
Unknown command.
You hit the polar bear.
The polar bear is moderately wounded.
The polar bear bites you but does no damage.
The polar bear misses you. x2
Okay, then.
Your skin crawls.
You feel resistant to hostile enchantments.
You are near starving!
The polar bear bites you.
* * * LOW HITPOINT WARNING * * *
The polar bear barely misses you. The polar bear misses you.
The polar bear bites you!
You die... zzz.. zzz

#+++## .....# +##..# #.
##.#### +.### ##.#....#
...#### #.####..##
#..##.# '###.##..#
+..#@.# .##.###..#
#..#hh#
ww+##.'..####..##)#
.##...#....###.†.##▓▓
+###.##§.....≈≈≈≈≈≈≈≈≈≈≈
###≈≈.....≈#+########
#≈≈≈§≈≈≈§.§#..._._._#
##≈≈§≈≈≈≈≈§≈#_._._._.#
+##≈≈≈≈≈§≈§≈≈§#._._._._#


You could see 2 polar bears.

Vanquished Creatures
  A yaktaur (D)
  A hornet (D)
  A polar bear (D)
  2 hippogriffs (D)
  Menkaure (D)
  3 worms (D)
9 creatures vanquished.

Vanquished Creatures (others)
  A crocodile (D)
1 creature vanquished.

Grand Total: 10 creatures vanquished

Notes
Turn   | Place    | Note
-------+----------+-------------------------------------------
     0 | D        | MuseOD the Merfolk Berserker began the quest for the Orb.
     0 | D        | Reached XP level 1. HP: 18/18 MP: 1/1
     4 | D        | Reached skill level 5 in Polearms
     7 | D        | Reached XP level 2. HP: 25/25 MP: 2/2
    10 | D        | Reached ** piety under Trog
    75 | D        | Noticed a hippogriff
    75 | D        | Noticed a hippogriff
    83 | D        | Killed a hippogriff
    83 | D        | Reached skill level 10 in Polearms
    83 | D        | Reached skill level 5 in Dodging
    83 | D        | Reached XP level 3. HP: 36/37 MP: 3/3
    83 | D        | Reached XP level 4. HP: 43/44 MP: 4/4
    83 | D        | Reached XP level 5. HP: 48/49 MP: 5/5
    91 | D        | Killed a hippogriff
    91 | D        | Reached skill level 12 in Polearms
    91 | D        | Reached XP level 6. HP: 33/60 MP: 6/6
   267 | D        | Noticed a tyrant leech
   267 | D        | Noticed a tyrant leech
   282 | D        | Noticed a flying skull
   282 | D        | Noticed a flying skull
   282 | D        | Noticed a flying skull
   284 | D        | Noticed Menkaure
   285 | D        | Noticed a flying skull
   285 | D        | Noticed a flying skull
   285 | D        | Noticed a flying skull
   285 | D        | Noticed a flying skull
   285 | D        | Noticed a flying skull
   285 | D        | Noticed a flying skull
   286 | D        | Noticed a flying skull
   286 | D        | Noticed a flying skull
   286 | D        | Noticed a flying skull
   296 | D        | Killed Menkaure
   296 | D        | Reached *** piety under Trog
   296 | D        | Reached skill level 10 in Fighting
   296 | D        | Reached skill level 13 in Polearms
   296 | D        | Reached XP level 7. HP: 48/66 MP: 7/7
   299 | D        | Found Deumot's Antique Weapon Shop.
   299 | D        | Found Vonkiu's General Store.
   300 | D        | Found Wuijogg's Antique Armour Shop.
   300 | D        | Found Zuxtiely's Jewellery Shop.
   301 | D        | Found Zeri's Book Boutique.
   301 | D        | Found Taob's Magic Scroll Shop.
   301 | D        | Found Wogihus's Jewellery Boutique.
   301 | D        | Found Vesien's Distillery.
   301 | D        | Found Exkal's Antique Armour Shop.
   301 | D        | Found Ynwucuri's Distillery.
   302 | D        | Found Kigoh's Food Boutique.
   302 | D        | Found Sanus's Antique Weapon Shop.
   302 | D        | Found Upnasmoi's Gadget Boutique.
   304 | D        | Found Riuputaf's Armour Shop.
   304 | D        | Found Beokha's Assorted Antiques.
   304 | D        | Noticed a death yak
   306 | D        | Noticed a soldier ant
   308 | D        | Noticed an oklob plant
   308 | D        | Noticed a soldier ant
   309 | D        | Found Juluzeon's Book Shoppe.
   310 | D        | Noticed a soldier ant
   325 | D        | Bought a brightly glowing scale mail for 225 gold pieces
   325 | D        | Bought a runed helmet for 187 gold pieces
   340 | D        | Identified the +5 scale mail "Jaodoyth" {Int+4} (You bought
                  | it in a shop in the Dungeon)
   350 | D        | Noticed an obsidian statue
   359 | D        | Found a glowing golden altar of the Shining One.
   359 | D        | Found an ornate altar of the Wu Jian Council.
   359 | D        | Found a stormy altar of Qazlal.
   360 | D        | Found a shimmering altar of Xom.
   360 | D        | Found a sacrificial altar of Ru.
   361 | D        | Found a basalt altar of Yredelemnul.
   361 | D        | Found a deep blue altar of Sif Muna.
   362 | D        | Found a glowing silver altar of Zin.
   362 | D        | Found a bloodstained altar of Trog.
   362 | D        | Found an ancient bone altar of Kikubaaqudgha.
   362 | D        | Found a viscous altar of Jiyva.
   363 | D        | Found a hide-covered altar of Uskayaw.
   363 | D        | Found a corrupted altar of Lugonu.
   363 | D        | Found a shadowy altar of Dithmenos.
   363 | D        | Found a hazy altar of Hepliaklqana.
   363 | D        | Found a snail-covered altar of Cheibriados.
   364 | D        | Found a radiant altar of Vehumet.
   364 | D        | Found a burning altar of Makhleb.
   364 | D        | Found a white marble altar of Elyvilon.
   364 | D        | Found a roughly hewn altar of Beogh.
   364 | D        | Noticed a polar bear
   364 | D        | Noticed a polar bear
   364 | D        | Noticed a polar bear
   367 | D        | Found a sparkling altar of Nemelex Xobeh.
   367 | D        | Found a blossoming altar of Fedhas.
   368 | D        | Noticed a hornet
   375 | D        | Killed a polar bear
   375 | D        | Reached skill level 14 in Polearms
   380 | D        | Noticed a yaktaur
   382 | D        | Killed a hornet
   382 | D        | Reached skill level 15 in Polearms
   382 | D        | Reached XP level 8. HP: 66/75 MP: 8/8
   383 | D        | Found an iron altar of Okawaru.
   383 | D        | Found an opulent altar of Gozag.
   405 | D        | Killed a yaktaur
   421 | D        | Slain by a polar bear

Skill      XL: |  1  2  3  4  5  6  7  8 |
---------------+-------------------------+-----
Polearms       | 5 10 12 13 15 | 15.7
Dodging        | 3 5 6 7 8 |  8.9
Fighting       | 4 7 9 10 11 12 | 12.0
Armour         | 2 3 4 |  4.6

Action                   |  1- 3 |  4- 6 |  7- 9 || total
-------------------------+-------+-------+-------++-------
Melee: Spear             |    15 |    18 |    45 ||    78
Invok: Berserk           |     2 |       |     1 ||     3
       Trog's Hand       |       |       |     2 ||     2
  Use: Potion            |       |       |     2 ||     2
       Scroll            |       |       |     1 ||     1
Armor: Scale mail        |       |       |    38 ||    38
Dodge: Dodged            |     5 |     6 |    56 ||    67
